 Dungeon Crawl Stone Soup version 0.28.0-53-g5a82cb258f (webtiles) character file.

Game seed: 13950868419061763160

82 LynnLen the Sneak (level 4, 0/25 HPs)
             Began as a Vampire Enchanter on July 23, 2022.
             Slain by a hound (3 damage)
             ... on level 4 of the Dungeon.
             The game lasted 00:04:13 (2001 turns).

LynnLen the Sneak (Vampire Enchanter)               Turns: 2001, Time: 00:04:13

Health: 0/25       AC:  2    Str:  7    XL:     4   Next: 21%
Magic:  7/7        EV: 12    Int: 17    God:
Gold:   26         SH:  0    Dex: 16    Spells: 7/7 levels left

rFire   . . .      SeeInvis +   a - +1 dagger
rCold   + + .      Faith    .   (no shield)
rNeg    + + +      Spirit   .   b - +0 robe
rPois   ∞          Reflect  .   (no helmet)
rElec   .          Harm     .   (no cloak)
rCorr   .          Rampage  .   (no gloves)
Will    .....                   (no boots)
Stlth   +++++.....              (no amulet)
HPRegen 0.00/turn               (no ring)
MPRegen 0.10/turn               (no ring)

@: bloodless, inhibited regen, invisible
A: bloodless, fangs 3, see invisible, vampiric 2
a: Bat Form, Revivify


You were on level 4 of the Dungeon.
You visited 1 branch of the dungeon, and saw 3 of its levels.

You collected 38 gold pieces.
You spent 12 gold pieces at shops.

Inventory:

Hand Weapons
 a - a +1 dagger (weapon)
Missiles
 d - 5 poisoned darts (quivered)
Armour
 b - a +0 robe (worn)
Scrolls
 e - a scroll of teleportation {unknown}


   Skills:
 * Level 1.2 Fighting
 * Level 2.2 Short Blades
 + Level 2.5 Dodging
 + Level 5.8 Stealth
 + Level 2.1 Spellcasting
 + Level 4.8 Hexes


You had 7 spell levels left.
You didn't know any spells.
Your spell library contained the following spells:

 Spells                   Type           Power      Damage    Failure   Level
 Confusing Touch          Hex            18%        N/A       8%          3
 Tukima's Dance           Hex            18%        N/A       8%          3
 Ensorcelled Hibernation  Hex/Ice        20%        N/A       11%         2
 Dazzling Flash           Conj/Hex       20%        N/A       22%         3


Dungeon Overview and Level Annotations

Branches:
Dungeon (2/15)

Altars:

Shops:
D:1 !


Innate Abilities, Weirdness & Mutations

You do not regenerate when monsters are visible.
You are frail without blood (-20% HP).
You can heal yourself when you bite living creatures.
You are immune to poison.
You have razor-sharp teeth.
You have supernaturally acute eyesight. (SInv)
You are afflicted with vampirism and can become a bat while bloodless.


Message History

The orc is severely wounded.
The hound bites you. The orc closely misses you. The hound bites you.
You closely miss the orc. You bite the orc, but do no damage.
The orc is severely wounded.
The hound bites you. The orc closely misses you.
You hit the orc.
You kill the orc!
The hound barely misses you. The hound closely misses you.
Things that are here:
a +0 whip; a +0 ring mail
Okay, then.
You hit the hound.
The hound is lightly wounded.
The hound closely misses you.
You hit the hound but do no damage. You bite the hound.
You draw the hound's blood!
You feel better.
The hound is lightly wounded.
The hound bites you.
You hit the hound but do no damage.
The hound is lightly wounded.
The hound bites you.
* * * LOW HITPOINT WARNING * * *
The hound closely misses you.
You closely miss the hound.
The hound is lightly wounded.
The hound bites you.
* * * LOW HITPOINT WARNING * * *
You fade into invisibility!
The hound barely misses you. The hound misses you.
You miss the hound. Your bite misses the hound.
The hound is lightly wounded.
The hound closely misses you.
You barely miss the hound.
The hound is lightly wounded.
The hound closely misses you.
You hit the hound but do no damage. You bite the hound, but do no damage.
The hound is lightly wounded.
The hound bites you.
You die...

#..#####
##.#...#
#...#.#
###..#..#
##...#.#.#
#..##.##.#
#.#.#.#:.#
#.##.##..#
#....#@#
#.#.##h#
#.#.#.#.......
#..#.#........
##..##........
##. ........
## ........
........
########


You could see a hound.

Vanquished Creatures
  Jessica (D:2)
  2 adders
  An orc (D:4)
  4 ball pythons (D:1)
  3 endoplasms
  6 giant cockroaches
  3 goblins (D:1)
  A hobgoblin (D:1)
  A jackal (D:1)
  3 quokkas (D:1)
  2 bats
  3 frilled lizards
  2 kobolds (D:1)
  4 rats
36 creatures vanquished.

Notes
Turn   | Place    | Note
-------+----------+-------------------------------------------
     0 | D:1      | LynnLen the Vampire Enchanter began the quest for the Orb.
     0 | D:1      | Reached XP level 1. HP: 13/13 MP: 3/3
   101 | D:1      | Found Piybi's Distillery.
   324 | D:1      | Reached XP level 2. HP: 15/15 MP: 5/5
   460 | D:1      | Reached skill level 5 in Stealth
  1016 | D:1      | Gained mutation: You are afflicted with vampirism and can
                  | become a bat while bloodless. [Vampire growth]
  1016 | D:1      | Reached XP level 3. HP: 12/20 MP: 6/6
  1229 | D:1      | Bought a potion of degeneration for 12 gold pieces
  1360 | D:2      | Noticed Jessica
  1418 | D:2      | Killed Jessica
  1419 | D:2      | Reached skill level 1 in Fighting
  1724 | D:2      | You fall into a shaft and drop 2 floors!
  1734 | D:4      | Reached XP level 4. HP: 22/25 MP: 7/7
  2001 | D:4      | Slain by a hound

Illustrated notes

Levels and vault maps discovered:
D:1:      minmay_arrival_five_plusses, layout_loops_ring, serial_forest,
          infiniplex_forest_3_way, infiniplex_forest_lined_3_way,
          infiniplex_forest_lined_1, infiniplex_forest_corner_2,
          infiniplex_forest_clump_double, infiniplex_forest_straight_1,
          infiniplex_forest_corner_1, infiniplex_forest_lined_ring,
          infiniplex_forest_lined_1, serial_shops, shop_statue,
          minmay_hexomino_f4
D:2:      layout_rooms, uniq_terence, uniq_jessica
D:4:      layout_basic, serial_shops, shop_fountains, minmay_manual_mess,
          uniq_grinder

Skill      XL: |  1  2  3 |
---------------+----------+-----
Stealth        | 5 |  5.8
Fighting       | 1 |  1.2
Short Blades   | 2 |  2.2
Dodging        | |  2.5
Spellcasting   | |  2.1
Hexes          | |  4.8

Action                   |  1- 3 |  4- 6 || total
-------------------------+-------+-------++-------
Melee: Dagger            |    86 |    40 ||   126
       Bite              |    10 |     4 ||    14
       Punch             |     3 |     1 ||     4
 Abil: Exsanguinate      |     1 |       ||     1
  Use: Scroll            |     1 |       ||     1
       Potion            |       |     1 ||     1
 Stab: Sleeping          |    17 |       ||    17
Armor: Robe              |     7 |     5 ||    12
Dodge: Dodged            |    50 |    34 ||    84
